 Dungeon Crawl Stone Soup version 0.18.1-48-g4cf74bf (webtiles) character file.

98439 dvd the Nimble (level 15, -1/148 HPs)
             Began as a Troll Berserker on Aug 2, 2016.
             Was a High Priest of Trog.
             Blown up by an orb spider (37 damage)
             ... with an orb of destruction
             ... on level 1 of the Spider Nest on Aug 11, 2016.
             The game lasted 02:10:31 (29557 turns).

dvd the Nimble (Troll Berserker)                   Turns: 29557, Time: 02:10:32

Health: -1/148     AC: 16    Str: 31    XL:     15   Next: 74%
Magic:  15/15      EV: 22    Int: 10    God:    Trog [*****.]
Gold:   2376       SH:  4    Dex: 16    Spells: 0 memorised, 14 levels left

rFire  . . .     SeeInvis +     b - +10 war axe of Valour {chop, rElec rN++ Str+2 Int+6}
rCold  + . .     Gourm    +     N - +2 robe {rC+}
rNeg   + + .     Faith    .     (no shield)
rPois  .         Spirit   .     E - +2 hat
rElec  +         Dismiss  .     w - +2 cloak {+Inv}
rCorr  .         Reflect  +     (gloves unavailable)
SustAt .         Harm     .     (boots unavailable)
MR     +....                    I - +4 amulet of reflection
Stlth  +++.......               h - +3 ring of evasion
                                v - ring of see invisible

@: exhausted, slowed, very slow, somewhat resistant to hostile enchantments,
fairly stealthy
A: unfitting armour, claws 3, rough black scales 1, thin skeletal structure 1,
agile 1, fast metabolism 3, gourmand, regeneration 2, screaming 1, shaggy fur 1,
tough skin 2
a: Berserk, Trog's Hand, Brothers in Arms, Burn Spellbooks, Renounce Religion,
Evoke Invisibility


You were on level 1 of the Spider Nest.
You worshipped Trog.
Trog was extremely pleased with you.
You were not hungry.

You visited 5 branches of the dungeon, and saw 26 of its levels.
You visited the Abyss 1 time.
You also visited: Ice Cave and Volcano.

You collected 2846 gold pieces.
You spent 470 gold pieces at shops.

Inventory:

Hand Weapons
 a - the +7 quarterstaff of Veomuosme {crush, rPois rF+ Int+2 Dex+3}
   (Trog gifted it to you on level 9 of the Dungeon)

   It inflicts extra damage upon your enemies.
   It affects your intelligence (+2).
   It affects your dexterity (+3).
   It protects you from fire.
   It protects you from poison.
 b - the +10 war axe of Valour (weapon) {chop, rElec rN++ Str+2 Int+6}
   (You bought it in a shop on level 2 of the Orcish Mines)

   It inflicts extra damage upon your enemies.
   It affects your strength (+2).
   It affects your intelligence (+6).
   It insulates you from electricity.
   It greatly protects you from negative energy.
 D - a +3 demon trident of electrocution
 H - a +4 great mace of crushing
 S - the +6 giant spiked club "Woatoh" {crush, Dex+3}
   (Trog gifted it to you on level 10 of the Dungeon)

   It inflicts extra damage upon your enemies.
   It affects your dexterity (+3).
 T - the +5 quarterstaff of the Lurker {holy, Int+4}
   (Trog gifted it to you on level 2 of the Orcish Mines)

   It has been blessed by the Shining One to cause great damage to the undead
   and demons.
   It affects your intelligence (+4).
Missiles
 A - 24 tomahawks
 M - 2 silver javelins
 R - a javelin of returning
 Y - 6 steel javelins
 Z - 9 large rocks (quivered)
Armour
 g - the +1 shield of the Elephant {MR+ Int+2 Dex-5}
   (You found it on level 6 of the Dungeon)

   It affects your intelligence (+2).
   It affects your dexterity (-5).
   It affects your resistance to hostile enchantments.
 w - a +2 cloak of invisibility (worn)
 E - a +2 hat (worn)
 N - a +2 robe of cold resistance (worn)
Jewellery
 h - a +3 ring of evasion (right claw)
 q - an uncursed ring of positive energy
 t - an uncursed ring of resist corrosion
 v - a ring of see invisible (left claw)
 F - the ring of Coewean {Fire *Corrode Str+4 Int+3}
   (You found it in an ice cave)

   [ring of fire]

   It enhances your fire magic, and weakens your ice magic.
   It affects your strength (+4).
   It affects your intelligence (+3).
   It protects you from fire.
   It makes you vulnerable to cold.
   It may corrode you when you take damage.
 I - a +4 amulet of reflection (around neck)
Wands
 p - a wand of lightning (7/15)
 s - a wand of flame (29/48)
 J - a wand of iceblast (10/15)
 L - a wand of flame (17/48)
 P - a wand of paralysis (12/24)
 Q - a wand of heal wounds (3/9)
 V - a wand of acid (8/15)
 W - a wand of lightning (3/15)
Scrolls
 f - 7 scrolls of identify
 i - 5 scrolls of magic mapping
 m - 3 scrolls of teleportation
 r - a scroll of recharging
 x - 11 scrolls of remove curse
 y - a scroll of brand weapon
 K - a scroll of fog
 X - 4 scrolls of enchant weapon
Potions
 d - 2 potions of cure mutation
 e - 4 potions of ambrosia
 j - a potion of haste
 n - 3 potions of curing
 o - a potion of magic
 C - 6 potions of agility
 G - 4 potions of flight
 O - 2 potions of cancellation
 U - 2 potions of might
Comestibles
 c - 18 bread rations
 k - a chunk of flesh
 l - 17 fruits
 u - 12 meat rations


   Skills:
 + Level 9.6 Fighting
 + Level 5.8(7.2) Axes
 + Level 7.1(11.0) Maces & Flails
 + Level 10.6(11.3) Staves
 + Level 8.7 Throwing
 + Level 14.6 Dodging
 + Level 4.1 Stealth
 + Level 3.0 Shields
 + Level 2.0 Evocations


You had 14 spell levels left.
You didn't know any spells.

Dungeon Overview and Level Annotations

Branches:
Dungeon (14/15)            Temple (1/1) D:7            Lair (8/8) D:9
 Shoals (0/4) Lair:5       Spider (1/4) Lair:4        Slime (0/6) Lair:8
    Orc (2/2) D:9             Elf (0/3) Orc:2        Vaults (0/5) D:13

Altars:
Ashenzari
Cheibriados
Dithmenos
Elyvilon
Fedhas
Gozag
Kikubaaqudgha
Makhleb
Nemelex Xobeh
Okawaru
Pakellas
Qazlal
Ru
Sif Muna
Trog
Vehumet
Xom
Yredelemnul
Zin
The Shining One
Beogh
Jiyva

Shops:
D:11 *   Orc:2 [(*(

Annotations:
D:14 Louise


Innate Abilities, Weirdness & Mutations

You are too large for most types of armour.
You have claws for hands.
Your metabolism is lightning-fast.
You like to eat raw meat.
You heal very quickly.
You are covered in fur (AC +1).
You have very tough skin (AC +2).
You are partially covered in rough black scales (AC +4, Dex -1).
You have a somewhat thin skeletal structure (Dex +2, Stealth).
You are agile. (Dex +2)
You occasionally shout uncontrollably at your foes.


Message History

You feel much better.
This wand has 4 charges left.
The wolf spider hits you.
* * * LOW HITPOINT WARNING * * *
You block the wolf spider's attack.
Unknown command.
Evoke which item? (* to show all) (? for menu, Esc to quit)
Zapping:
Q - a wand of heal wounds (4/9)
Press: ? - help, Shift-Dir - straight line, f - you You feel much better.
This wand has 3 charges left.
The wolf spider hits you but does no damage.
The wolf spider completely misses you. You block the wolf spider's attack.
The wolf spider bites you but does no damage.
The orb spider weaves a glowing orb of energy.
You shout at the orb of destruction!
An orb of destruction comes into view.
Read which item? (? for menu, Esc to quit)
As you read the scroll of fog, it crumbles to dust.
The scroll dissolves into smoke.
You block the wolf spider's attack.
The wolf spider bites you but does no damage.
The orb of destruction hits you!
You die...

..............#...#..........##..
..............#...#...####....#..
....#.........#....(.....≈....#≈.
.^.#≈...#................#####≈#≈
###≈#†..#........†......# ..≈≈
....≈#######.(s.s^#####.. ...#≈
.>..# #......#......$ ...#. ...#
#....§§§....... ... . .$.
##...s@§.../... ...
#....§§§....... ...
#...§.#§....... . ##....#.s.$##..
......#.....# . .......#..(....
.....###..#.... ##... ###....


You could see a wolf spider and 3 orb spiders.

Vanquished Creatures
  A bone dragon (Abyss:4)
  Gastronok (D:9)
  Maud (D:11)
  An emperor scorpion (Spider:1)
  An orc warlord (Orc:2)
  A deep elf elementalist (Abyss:4)
  Snorg (Lair:4)
  Josephine (D:13)
  The ghost of nikopol the Cleaver, a journeyman HOBe of Trog (Orc:1)
  Fannar (D:10)
  2 hydras
  The ghost of amentoraz the Cleaver, a journeyman DsAK of Lugonu (D:11)
  8 death yaks
  A tengu warrior (D:14)
  2 thrashing horrors
  A wretched star (Abyss:4)
  The ghost of Wardy the Basher, a novice MiMo of Ru (Lair:1)
  The ghost of Thomus the Thaumaturge, a novice DECj of Vehumet (D:11)
  2 fire crabs
  A shadow wraith (Abyss:4)
  6 hill giants
  2 wolf spiders (Spider:1)
  2 necromancers
  2 orb spiders (Spider:1)
  3 deep elf magi
  A wizard (D:13)
  4 oklob plants (Lair:8)
  An orc sorcerer (Orc:2)
  A cyclops (Orc:1)
  11 elephants (Lair:6)
  A griffon (Lair:7)
  4 manticores
  2 black mambas
  An apocalypse crab (Abyss:4)
  A smoke demon (Abyss:4)
  A kobold demonologist (D:9)
  2 molten gargoyles (Volcano)
  A rime drake (Lair:3)
  5 komodo dragons
  A centaur skeleton (D:14)
  16 spiny frogs
  A demonic crawler (Spider:1)
  An ancient zyme (Abyss:3)
  4 trolls
  A polar bear (Lair:8)
  A harpy skeleton (D:11)
  8 jumping spiders
  4 giant leeches (Lair:8)
  2 two-headed ogres
  38 blink frogs
  A small abomination (Abyss:4)
  A snapping turtle (Lair:5)
  A tarantella (Spider:1)
  10 redbacks
  Sigmund (D:3)
  8 wraiths
  2 wyverns (D:13)
  A spriggan (D:7)
  A ynoxinul (Abyss:3)
  7 fire bats
  23 yaks
  A vampire (D:12)
  Grum (D:9)
  A chaos spawn (Abyss:4)
  2 hungry ghosts
  7 vampire mosquitoes
  11 hippogriffs
  2 basilisks
  A neqoxec (Abyss:3)
  4 wargs
  2 hell hounds
  11 water moccasins
  12 porcupines
  35 orc warriors
  2 ice beasts
  2 black bears
  3 phantoms
  A sky beast (D:10)
  A wasp (D:12)
  11 ogres
  7 necrophages
  14 crocodiles
  12 wolves
  10 centaurs
  A big kobold (D:7)
  28 giant frogs
  3 scorpions
  2 wyvern skeletons
  7 killer bees
  12 wights
  A vampire bat (Lair:8)
  7 electric eels
  A howler monkey (D:5)
  7 crimson imps
  2 giant frog zombies (D:8)
  8 lava snakes
  2 centaur zombies
  4 starcursed masses (Abyss:4)
  26 orc priests
  10 hounds
  A quasit (D:8)
  2 human zombies (D:7)
  3 jellies
  A giant frog skeleton (D:8)
  30 orc wizards
  3 human skeletons (D:7)
  5 iguanas
  10 worker ants
  3 yak simulacra (Lair:5)
  Terence (D:2)
  5 polar bear simulacra (Lair:5)
  8 sheep (Lair:5)
  2 wolf simulacra (Lair:5)
  An ogre zombie (D:7)
  2 hound zombies
  A mummy (D:7)
  A howler monkey zombie (D:6)
  4 gnolls
  13 adders
  21 river rats
  5 shadow imps
  An ooze (D:1)
  An adder skeleton (D:4)
  3 worms
  4 dart slugs
  3 giant geckos
  143 orcs
  2 ball pythons
  13 bats
  8 giant cockroaches
  5 goblins
  8 hobgoblins
  13 jackals
  3 quokkas
  2 giant newts (D:1)
  9 kobolds
  A quokka skeleton (D:8)
  A quokka zombie (D:6)
  10 rats
  A river rat simulacrum (Lair:5)
  A bush (D:6)
  A fungus (Lair:3)
  8 plants
851 creatures vanquished.

Vanquished Creatures (collateral kills)
  Rupert (Lair:6)
  An orc warlord (Orc:1)
  Harold (Lair:2)
  6 death yaks
  A tengu warrior (D:14)
  Nergalle (Lair:2)
  A hill giant (D:12)
  An orc sorcerer (Orc:2)
  3 ice statues (IceCv)
  A jumping spider (Lair:4)
  A redback (Lair:4)
  5 orc warriors
  5 ice beasts (IceCv)
  A centaur (D:14)
  A giant frog (Lair:2)
  A wight (D:12)
  An iguana (Lair:2)
  A worker ant (D:14)
  7 river rats (Lair:2)
  An orc (Orc:2)
41 creatures vanquished.

Vanquished Creatures (others)
  The ghost of Heedrag the Devastator, a journeyman DECj of Vehumet (Orc:2)
  A large abomination (Abyss:4)
  2 centaurs
  An ogre (D:13)
  A worker ant (D:14)
  3 fire vortices (D:9)
  9 fungi
  A lurking horror (Abyss:4)
  11 plants
30 creatures vanquished.

Grand Total: 922 creatures vanquished

Notes
Turn   | Place    | Note
--------------------------------------------------------------
     0 | D:1      | dvd the Troll Berserker began the quest for the Orb.
     0 | D:1      | Reached XP level 1. HP: 22/22 MP: 0/0
   146 | D:1      | Reached XP level 2. HP: 23/29 MP: 1/1
   558 | D:1      | Reached XP level 3. HP: 36/36 MP: 2/2
   573 | D:1      | Reached ** piety under Trog
  1161 | D:2      | Reached skill level 3 in Dodging
  1597 | D:2      | Reached XP level 4. HP: 44/44 MP: 3/3
  1679 | D:2      | Noticed Terence
  1687 | D:2      | Killed Terence
  1933 | D:3      | Reached XP level 5. HP: 27/53 MP: 4/4
  2187 | D:3      | Reached skill level 4 in Dodging
  2286 | D:3      | Noticed Sigmund
  2293 | D:3      | Killed Sigmund
  2293 | D:3      | Reached *** piety under Trog
  2293 | D:3      | Reached XP level 6. HP: 61/61 MP: 5/5
  3468 | D:4      | Reached skill level 1 in Throwing
  3468 | D:4      | Reached skill level 5 in Dodging
  3468 | D:4      | Reached XP level 7. HP: 40/67 MP: 6/6
  3652 | D:4      | Found a burning altar of Makhleb.
  3653 | D:4      | Found a glowing silver altar of Zin.
  3653 | D:4      | Noticed an angel
  3654 | D:4      | Noticed a green death
  4056 | D:5      | Entered Level 5 of the Dungeon
  4277 | D:5      | Found a shattered altar of Ashenzari.
  4427 | D:5      | Found a sparkling altar of Nemelex Xobeh.
  4493 | D:5      | Reached skill level 1 in Stealth
  4836 | D:5      | Reached skill level 1 in Axes
  5114 | D:6      | Found a blossoming altar of Fedhas.
  5228 | D:6      | Reached XP level 8. HP: 64/78 MP: 7/7
  5456 | D:6      | Reached skill level 6 in Dodging
  5522 | D:6      | Gained mutation: You are partially covered in rough black scales (AC +4, Dex -1). [potion of mutation]
  5522 | D:6      | Gained mutation: You are agile. (Dex +2) [potion of mutation]
  5543 | D:6      | Got a crude shield
  5549 | D:6      | Identified the +1 shield of the Elephant {MR+ Int+2 Dex-5} (You found it on level 6 of the Dungeon)
  5604 | D:6      | Reached **** piety under Trog
  6281 | D:7      | Reached skill level 5 in Maces & Flails
  6281 | D:7      | Reached skill level 7 in Dodging
  6281 | D:7      | Reached XP level 9. HP: 82/82 MP: 8/8
  6311 | D:7      | Found a staircase to the Ecumenical Temple.
  6320 | Temple   | Entered the Ecumenical Temple
  6559 | D:7      | HP: 6/123 [orc warrior/scimitar (15)]
  6669 | D:7      | Found a shadowy altar of Dithmenos.
  6965 | D:7      | Reached skill level 5 in Fighting
  7385 | D:7      | Found a stormy altar of Qazlal.
  7559 | D:7      | Reached skill level 8 in Dodging
  7628 | D:7      | Found a basalt altar of Yredelemnul.
  7851 | D:8      | Found a sacrificial altar of Ru.
  7870 | D:8      | Got a crude long sword
  7873 | D:8      | Identified the cursed +1 long sword of the Skies Above {drain, +Blink Stlth+} (You found it on level 8 of the Dungeon)
  8120 | D:8      | Found an oddly glowing altar of Pakellas.
  8143 | D:8      | Reached XP level 10. HP: 96/96 MP: 9/9
  8247 | D:8      | Reached ***** piety under Trog
  8365 | D:8      | Found a white marble altar of Elyvilon.
  8717 | D:8      | Found a glowing golden altar of the Shining One.
  8827 | D:8      | Found a snail-covered altar of Cheibriados.
  9058 | D:9      | Reached skill level 9 in Dodging
  9396 | D:9      | Noticed Grum
  9408 | D:9      | Killed Grum
  9463 | D:9      | Found a staircase to the Lair.
  9463 | D:9      | Noticed Gastronok
  9487 | D:9      | HP: 2/98 [Gastronok (14)]
  9489 | D:9      | Killed Gastronok
  9760 | D:9      | Received a gift from Trog
  9763 | D:9      | Got a warped quarterstaff {god gift}
  9771 | D:9      | Found a radiant altar of Vehumet.
  9781 | D:8      | Reached XP level 11. HP: 40/105 MP: 10/10
  9999 | D:9      | Identified the +7 quarterstaff of Veomuosme {crush, rPois rF+ Int+2 Dex+3} (Trog gifted it to you on level 9 of the Dungeon)
 10057 | D:9      | Reached skill level 10 in Dodging
 10347 | D:9      | Found a staircase to the Orcish Mines.
 10585 | Lair:1   | Entered Level 1 of the Lair of Beasts
 10698 | Lair:1   | Found a frozen archway.
 10728 | Lair:1   | Reached skill level 1 in Staves
 10775 | IceCv    | Entered an ice cave
 10995 | IceCv    | Got a shimmering lead ring
 11022 | IceCv    | Identified the ring of Coewean {Fire *Corrode Str+4 Int+3} (You found it in an ice cave)
 11236 | Lair:1   | Noticed Wardy's ghost (novice MiMo)
 11803 | Lair:1   | Killed Wardy's ghost
 12225 | Lair:2   | Found a dark tunnel.
 12230 | Volcano  | Entered a volcano
 12497 | Volcano  | Found a bloodstained altar of Trog.
 12497 | Volcano  | Noticed a fire crab
 12506 | Volcano  | Killed a fire crab
 12506 | Volcano  | Reached skill level 11 in Dodging
 12890 | Lair:2   | Noticed a death yak
 12891 | Lair:2   | Noticed a death yak
 12892 | Lair:2   | Noticed a death yak
 12892 | Lair:2   | Noticed a death yak
 12893 | Lair:2   | Noticed a death yak
 12898 | Lair:2   | Killed a death yak
 12900 | Lair:2   | Killed a death yak
 12900 | Lair:2   | Reached XP level 12. HP: 102/118 MP: 11/11
 12902 | Lair:2   | Killed a death yak
 12904 | Lair:2   | Killed a death yak
 12904 | Lair:2   | Received a gift from Trog
 12906 | Lair:2   | Killed a death yak
 13088 | Lair:2   | Noticed Nergalle
 13090 | Lair:2   | Noticed Harold
 13095 | Lair:2   | Killed Nergalle
 13100 | Lair:2   | Killed Harold
 13922 | Lair:3   | Reached skill level 5 in Staves
 14229 | Lair:3   | Reached skill level 5 in Throwing
 14382 | Lair:3   | Reached skill level 12 in Dodging
 14416 | Lair:3   | Gained mutation: You have a somewhat thin skeletal structure (Dex +2, Stealth). [potion of beneficial mutation]
 14969 | Lair:4   | Noticed a five-headed hydra
 14981 | Lair:4   | Received a gift from Trog
 14989 | Lair:4   | Killed a five-headed hydra
 15206 | Lair:4   | Noticed Snorg
 15224 | Lair:4   | Killed Snorg
 15467 | Lair:4   | Noticed a death yak
 15467 | Lair:4   | Noticed a death yak
 15469 | Lair:4   | Noticed a death yak
 15472 | Lair:4   | Killed a death yak
 15472 | Lair:4   | Reached XP level 13. HP: 127/127 MP: 12/12
 15494 | Lair:4   | Found a hole to the Spider Nest.
 16852 | Lair:5   | Found a staircase to the Shoals.
 17917 | Lair:6   | Received a gift from Trog
 18790 | Lair:7   | Noticed Rupert
 18939 | Lair:6   | Killed Rupert
 19127 | Lair:7   | Received a gift from Trog
 19733 | Lair:7   | Reached skill level 13 in Dodging
 19735 | Lair:7   | Reached skill level 1 in Shields
 19780 | Lair:8   | Entered Level 8 of the Lair of Beasts
 19933 | Lair:8   | Reached XP level 14. HP: 103/137 MP: 13/13
 20233 | Lair:8   | Found a viscous altar of Jiyva.
 20234 | Lair:8   | Found a staircase to the Slime Pits.
 22100 | Lair:8   | Reached skill level 1 in Evocations
 22356 | Orc:1    | Entered Level 1 of the Orcish Mines
 22356 | Orc:1    | Noticed nikopol's ghost (journeyman HOBe)
 22374 | Orc:1    | Killed nikopol's ghost
 22519 | Orc:1    | Received a gift from Trog
 22745 | Orc:2    | Entered Level 2 of the Orcish Mines
 22745 | Orc:2    | Noticed an orc warlord
 22765 | Orc:1    | Killed an orc warlord
 22997 | Orc:2    | Found a roughly hewn altar of Beogh.
 23003 | Orc:2    | Noticed Heedrag's ghost (journeyman DECj)
 23047 | Orc:2    | Killed Heedrag's ghost
 23179 | Orc:2    | Received a gift from Trog
 23245 | Orc:2    | Found a staircase to the Elven Halls.
 23263 | Orc:2    | Found a roughly hewn altar of Beogh.
 23276 | Orc:2    | Found Ryrex's Weapon Shoppe.
 23376 | Orc:2    | Found a roughly hewn altar of Beogh.
 23467 | Orc:2    | Received a gift from Trog
 23468 | Orc:2    | Got a smoking quarterstaff {god gift}
 23469 | Orc:2    | Identified the +5 quarterstaff of the Lurker {holy, Int+4} (Trog gifted it to you on level 2 of the Orcish Mines)
 23526 | Orc:2    | Found a roughly hewn altar of Beogh.
 23527 | Orc:2    | Found Pijexed's Assorted Antiques.
 23543 | Orc:2    | Reached skill level 10 in Staves
 23581 | Orc:2    | Bought 2 bubbling amethyst potions for 55 gold pieces
 23650 | Orc:2    | Noticed an orc warlord
 23837 | Orc:2    | Found a roughly hewn altar of Beogh.
 24022 | Orc:2    | Killed an orc warlord
 24123 | Orc:2    | Found Taob's Antique Armour Shoppe.
 24124 | Orc:2    | Found a roughly hewn altar of Beogh.
 24133 | Orc:2    | Found Faotij's Antique Weapon Emporium.
 24138 | Orc:2    | Bought a runed cloak for 126 gold pieces
 24171 | Orc:2    | Bought a slimy war axe for 289 gold pieces
 24177 | Orc:2    | Identified the +10 war axe of Valour {chop, rElec rN++ Str+2 Int+6} (You bought it in a shop on level 2 of the Orcish Mines)
 24237 | Orc:2    | Found a bloodstained altar of Trog.
 24753 | D:10     | Entered Level 10 of the Dungeon
 24911 | D:10     | Received a gift from Trog
 25499 | D:10     | Noticed Fannar
 25513 | D:10     | Killed Fannar
 25513 | D:10     | Received a gift from Trog
 25518 | D:10     | Got a shimmering giant spiked club {god gift}
 25519 | D:10     | Identified the +6 giant spiked club "Woatoh" {crush, Dex+3} (Trog gifted it to you on level 10 of the Dungeon)
 25897 | D:11     | Noticed Maud
 25930 | D:11     | Killed Maud
 25970 | D:11     | Noticed Thomus's ghost (novice DECj)
 25986 | D:11     | Killed Thomus's ghost
 26268 | D:11     | Noticed amentoraz's ghost (journeyman DsAK)
 26282 | D:11     | Killed amentoraz's ghost
 26282 | D:11     | Reached XP level 15. HP: 132/146 MP: 15/15
 26583 | D:11     | Found Rabor's General Store.
 27347 | D:13     | Found a shadowy altar of Dithmenos.
 27481 | D:13     | Reached skill level 5 in Axes
 27535 | D:13     | Noticed Josephine
 27554 | D:13     | Killed Josephine
 27643 | D:13     | Reached skill level 14 in Dodging
 27956 | D:13     | Found a gate to the Vaults.
 28104 | D:14     | Noticed Louise
 28342 | D:14     | Cast into level 3 of the Abyss (Louise)
 28428 | Abyss:3  | Gained mutation: You occasionally shout uncontrollably at your foes. [a neqoxec]
 28659 | Abyss:4  | Noticed a bone dragon
 28678 | Abyss:4  | Killed a bone dragon
 28710 | Abyss:4  | HP: 6/148 [hellwing (11)]
 28725 | Abyss:4  | Noticed a tentacled monstrosity
 28736 | Abyss:4  | HP: 2/148 [tentacled monstrosity (7)]
 28857 | D:14     | Escaped the Abyss
 29120 | Spider:1 | Entered Level 1 of the Spider Nest
 29256 | Spider:1 | Received a gift from Trog
 29290 | Spider:1 | HP: 5/148 [disintegration (18)]
 29554 | Spider:1 | HP: 2/148 [disintegration (39)]
 29557 | Spider:1 | Blown up by an orb spider

Skill      XL: |  1  2  3  4  5  6  7  8  9 10 11 12 13 14 15 |
---------------+----------------------------------------------+-----
Maces & Flails | 3 4 5 6 7 |  7.1
Dodging        | 3 4 5 7 8 9 11 12 13 14 | 14.6
Fighting       | 3 4 5 6 7 8 9 |  9.6
Throwing       | 1 2 3 4 6 7 8 |  8.7
Stealth        | 1 2 3 4 |  4.1
Axes           | 1 2 3 4 5 |  5.8
Staves         | 3 6 8 10 | 10.6
Shields        | 1 2 3 |  3.0
Evocations     | 1 2 |  2.0

Action                   |  1- 3 |  4- 6 |  7- 9 | 10-12 | 13-15 || total
-------------------------+-------+-------+-------+-------+-------++-------
Melee: Mace              |   154 |   151 |       |       |       ||   305
       Hand axe          |       |    17 |   245 |   115 |       ||   377
       Flail             |       |       |   321 |   174 |       ||   495
       Quarterstaff      |       |       |       |   551 |  1296 ||  1847
       Staff             |       |       |       |    10 |       ||    10
       War axe           |       |       |       |       |   268 ||   268
Throw: Stone             |    11 |    20 |    70 |       |     3 ||   104
       Tomahawk          |       |       |       |   150 |   159 ||   309
       Large rock        |       |       |       |       |    70 ||    70
       Javelin           |       |       |       |       |   124 ||   124
Invok: Berserk           |       |     3 |     5 |     8 |     7 ||    23
       Burn Spellbooks   |       |       |     4 |     2 |     2 ||     8
       Trog's Hand       |       |       |     2 |     5 |     8 ||    15
       Brothers in Arms  |       |       |       |     5 |     5 ||    10
Evoke: Wand              |       |       |     2 |     3 |    49 ||    54
  Use: Scroll            |     5 |     5 |    11 |    12 |    27 ||    60
       Potion            |       |       |     7 |     5 |     5 ||    17
 Stab: Sleeping          |     1 |       |     5 |     4 |    11 ||    21
       Invisible         |       |       |       |     4 |       ||     4
       Distracted        |       |       |       |       |     1 ||     1
  Eat: Chunk             |    21 |    16 |    53 |    75 |   121 ||   286
       Meat ration       |       |       |       |     2 |     2 ||     4
       Beef jerky        |       |       |       |       |     1 ||     1
       Pizza             |       |       |       |       |     3 ||     3
Armor: Animal skin       |    72 |    77 |   192 |   273 |   209 ||   823
       Robe              |       |       |       |       |   191 ||   191
Dodge: Dodged            |   112 |   107 |   371 |   879 |  1735 ||  3204
Block: Other             |       |       |       |       |   287 ||   287
       Reflection        |       |       |       |       |     5 ||     5
